 Dungeon Crawl Stone Soup version 0.28.0-53-g5a82cb258f (webtiles) character file.

Game seed: 11803905638776378402

49 Plasmagod the Shield-Bearer (level 4, -10/37 HPs)
             Began as a Formicid Fighter on July 25, 2022.
             Mangled by a gnoll
             ... wielding a +2 whip of electrocution
              (15 damage)
             ... on level 1 of the Dungeon.
             The game lasted 00:01:50 (1127 turns).

Plasmagod the Shield-Bearer (Formicid Fighter)      Turns: 1127, Time: 00:01:50

Health: -10/37     AC:  7    Str: 22    XL:     4   Next: 2%
Magic:  4/4        EV:  9    Int:  8    God:
Gold:   0          SH:  4    Dex: 10    Spells: 3/3 levels left

rFire   . . .      SeeInvis +   a - +0 quarterstaff
rCold   . . .      Faith    .   c - +0 buckler
rNeg    . . .      Spirit   .   b - +0 scale mail
rPois   .          Reflect  .   (helmet unavailable)
rElec   .          Harm     .   (no cloak)
rCorr   .          Rampage  .   (no gloves)
Will    .....                   (no boots)
Stlth   ..........              (no amulet)
HPRegen 0.12/turn               (no ring)
MPRegen 0.09/turn               (no ring)

@: no status effects
A: permanent stasis, dig shafts and tunnels, antennae 3, four strong arms
a: Dig, Shaft Self


You were on level 1 of the Dungeon.
You visited 1 branch of the dungeon, and saw 2 of its levels.

Inventory:

Hand Weapons
 a - a +0 quarterstaff (weapon)
Armour
 b - a +0 scale mail (worn)
 c - a +0 buckler (worn)
Scrolls
 e - 3 scrolls of identify {unknown}
Potions
 d - a potion of might
 f - a potion of ambrosia {unknown}


   Skills:
 + Level 3.8 Fighting
 + Level 2.8 Staves
 + Level 3.7 Armour
 + Level 4.0 Shields


You had 3 spell levels left.
You didn't know any spells.
Your spell library contained the following spells:

 Spells                   Type           Power      Damage    Failure   Level
 Fireball                 Conj/Fire      0%         3d3       100%        5
 Starburst                Conj/Fire      0%         6d3       100%        6
 Ignition                 Fire           0%         3d3       100%        8


Dungeon Overview and Level Annotations

Branches:
Dungeon (2/15)

Altars:


Innate Abilities, Weirdness & Mutations

You cannot be hasted, slowed, berserked, paralysed or teleported.
You can dig through walls and to a lower floor.
You have a pair of large antennae on your head. (SInv)
Your four strong arms can wield two-handed weapons with a shield.


Message History

There is an open door here.
There is a stone staircase leading down here.
You climb downwards.
There is a stone staircase leading up here.
The bat hits you but does no damage. The bat closely misses you.
You closely miss the bat. The bat hits you but does no damage. x2
The bat hits you but does no damage.
You hit the bat.
You kill the bat!
No target in view!
There is a stone staircase leading up here. 2 gnolls come into view.
The gnoll shouts! x2; You hear a shout!
A gnoll comes into view. It is wielding a +0 club.
The gnoll moves out of view.
A gnoll comes into view.
It is wielding a +2 whip of electrocution.
You completely miss the gnoll. The gnoll barely misses you.
The gnoll hits you with a +2 whip of electrocution.
You are electrocuted!
You are too injured to fight recklessly!
You are too injured to fight recklessly!
There is a stone staircase leading up here.
You thump the gnoll!
The gnoll is almost dead.
The gnoll closely misses you.
You sock the gnoll!
You kill the gnoll!
The gnoll barely misses you.
You have reached level 4!
You feel clever.
The gnoll hits you with a +2 whip of electrocution.
You climb upwards.
There is a stone staircase leading down here.
You are too injured to fight recklessly!
You hit the gnoll.
The gnoll is moderately wounded.
The gnoll hits you with a +2 whip of electrocution!
* * * LOW HITPOINT WARNING * * *
You are electrocuted!
You die...

##.###'###.## #..
##.###...###.## #..
##.## #.<.# ##.###.)
##.## #.[.# ##.###.
##.## ##'## ##.##.
#.###### #.# ######.#.
#.##...###.###...##.##
#.#.###.##.##.###.#.##
#.#.#@##.#.#.##>#.#.#.
#.#.##g#.'.#.#.##.#.#.
#.##..##.#.#.##..##.#.
##.####.##.##.####.##.
##....###.###....##..
###### #'########..#
#..........##
############


You could see a gnoll.

Vanquished Creatures
  A gnoll (D:2)
  4 dart slugs (D:1)
  3 endoplasms (D:1)
  2 giant cockroaches (D:1)
  2 goblins (D:1)
  3 hobgoblins (D:1)
  3 kobolds (D:1)
  3 ball pythons (D:1)
  5 bats
  A frilled lizard (D:1)
  4 rats (D:1)
  A spectral kobold (D:1)
32 creatures vanquished.

Vanquished Creatures (others)
  7 plants (D:1)
7 creatures vanquished.

Grand Total: 39 creatures vanquished

Notes
Turn   | Place    | Note
-------+----------+-------------------------------------------
     0 | D:1      | Plasmagod the Formicid Fighter began the quest for the Orb.
     0 | D:1      | Reached XP level 1. HP: 18/18 MP: 1/1
   221 | D:1      | Reached XP level 2. HP: 24/24 MP: 2/2
   330 | D:1      | Found a faded altar of an unknown god.
   370 | D:1      | Reached skill level 4 in Shields
   537 | D:1      | Reached XP level 3. HP: 29/29 MP: 3/3
  1125 | D:2      | Reached XP level 4. HP: 14/37 MP: 4/4
  1127 | D:1      | Mangled by a gnoll

Illustrated notes

Levels and vault maps discovered:
D:1:      roderic_lyre, layout_basic, dreamdust_ecumenical_altar_drowned_temple,
          grunt_decor_mini_mirrors, serial_bayou_lagoon_a, minmay_pentomino_s4
D:2:      layout_basic

Skill      XL: |  1  2 |
---------------+-------+-----
Shields        | 4 |  4.0
Fighting       | |  3.8
Staves         | |  2.8
Armour         | |  3.7

Action                   |  1- 3 |  4- 6 || total
-------------------------+-------+-------++-------
Melee: Quarterstaff      |    85 |     1 ||    86
Armor: Scale mail        |    39 |       ||    39
Dodge: Dodged            |    39 |       ||    39
Block: Buckler           |    12 |       ||    12
